 Dungeon Crawl Stone Soup version 0.26.1-2-gb8aa6d0cf2 (webtiles) character file.

Game seed: 5197032049187707903

42 MalarOregon the Grasshopper (level 3, 0/24 HPs)
             Began as a Halfling Warper on Mar 29, 2021.
             Slain by a leopard gecko (2 damage)
             ... on level 2 of the Dungeon.
             The game lasted 00:02:37 (936 turns).

MalarOregon the Grasshopper (Halfling Warper)        Turns: 936, Time: 00:02:37

Health: 0/24       AC:  4    Str: 12    XL:     3   Next: 80%
Magic:  5/5        EV: 14    Int: 12    God:
Gold:   23         SH:  0    Dex: 13    Spells: 3/5 levels left

rFire    . . .     SeeInvis .   a - +0 hand axe
rCold    . . .     Faith    .   (shield restricted)
rNeg     . . .     Spirit   .   b - +0 leather armour
rPois    .         Reflect  .   (no helmet)
rElec    .         Harm     .   f - +0 cloak
rCorr    .         Rampage  .   (no gloves)
Will     .....                  (no boots)
Stlth    +.........             (no amulet)
HPRegen  0.08/turn              (no ring)
MPRegen  0.09/turn              (no ring)

@: no status effects
A: small, mutation resistance 1
a: no special abilities


You were on level 2 of the Dungeon.
You visited 1 branch of the dungeon, and saw 2 of its levels.

You collected 23 gold pieces.

Inventory:

Hand Weapons
 a - a +0 hand axe (weapon)
Missiles
 e - 5 boomerangs of dispersal (quivered) {!f}
Armour
 b - a +0 leather armour (worn)
 f - a +0 cloak (worn)
   (You found it on level 1 of the Dungeon)
Scrolls
 d - a scroll of blinking
Potions
 c - a potion of invisibility {unknown}
 g - a potion of degeneration {unknown}


   Skills:
 + Level 2.1 Fighting
 + Level 2.3 Axes
 + Level 1.4 Throwing
 + Level 1.7 Armour
 - Level 2.1 Dodging
 + Level 1.2 Stealth
 - Level 1.5 Spellcasting
 + Level 3.6 Translocations


You had 3 spell levels left.
You knew the following spells:

 Your Spells              Type           Power        Failure   Level
b - Blink                 Tloc           N/A          12%         2

Your spell library contained the following spells:

 Spells                   Type           Power        Failure   Level
 Gell's Gravitas          Tloc           4%           24%         3
 Lesser Beckoning         Tloc           4%           24%         3
 Teleport Other           Tloc           9%           24%         3
 Passage of Golubria      Tloc           N/A          63%         4


Dungeon Overview and Level Annotations

Branches:
Dungeon (2/15)

Altars:


Innate Abilities, Weirdness & Mutations

You are small and have problems with some larger weapons.
You are somewhat resistant to further mutation.


Message History

You hit the goblin.
You kill the goblin!
The bat hits you but does no damage. The bat closely misses you.
Found a scroll labelled XOJEKU JAMUACU.
The bat barely misses you.
There is an escape hatch in the floor, spattered with blood here.
Things that are here:
a cursed +0 club; a hobgoblin corpse Unknown command.
Really go through this one-way escape hatch?
The bat barely misses you.
You slide downwards.
The hatch slams shut behind you.
A giant cockroach and a dart slug come into view.
Found a scroll labelled XOJEKU JAMUACU and a ring mail.
Found a stone staircase leading up.
You hit the bat. The bat closely misses you.
The dart slug launches a dart at you. The slug dart misses you.
The slug dart hits the bat.
The bat dies!
Found a scroll labelled OPEEMI GOEPP and a scroll labelled XIDINOOLEI.
A leopard gecko comes into view.
The giant cockroach barely misses you.
You hit the giant cockroach. The giant cockroach bites you.
* * * LOW HITPOINT WARNING * * *
The giant cockroach bites you but does no damage.
You hit the dart slug. You hit the giant cockroach.
You kill the giant cockroach!
You hit the dart slug. The dart slug closely misses you.
You hit the dart slug.
The leopard gecko hisses angrily.
The dart slug misses you.
You hit the dart slug. The dart slug misses you.
You hit the dart slug.
You kill the dart slug!
You see here a scroll labelled XOJEKU JAMUACU.
The leopard gecko bites you.
* * * LOW HITPOINT WARNING * * *
You barely miss the leopard gecko. The leopard gecko barely misses you.
The leopard gecko closely misses you.
You hit the leopard gecko. The leopard gecko barely misses you.
You closely miss the leopard gecko. The leopard gecko misses you.
The leopard gecko bites you.
* * * LOW HITPOINT WARNING * * *
You closely miss the leopard gecko. The leopard gecko misses you.
You miss the leopard gecko. The leopard gecko closely misses you.
The leopard gecko barely misses you.
You miss the leopard gecko. The leopard gecko barely misses you.
You closely miss the leopard gecko. The leopard gecko bites you.
You die...

#.#.# ##..
#.#.###.....
#.#.........
#...........
#...........
#........?..
##.†...<....
#...†..[.?..
#..?@l......
#...........
#.....#####.
#........
.......###
.#.#...... #
....#..###
.........


You could see a leopard gecko.

Vanquished Creatures
  4 dart slugs
  2 giant cockroaches
  8 goblins (D:1)
  3 hobgoblins (D:1)
  A ball python (D:1)
  2 bats (D:1)
  A frilled lizard (D:1)
  5 kobolds (D:1)
  6 rats (D:1)
32 creatures vanquished.

Vanquished Creatures (others)
  A bat (D:2)
1 creature vanquished.

Grand Total: 33 creatures vanquished

Notes
Turn   | Place    | Note
-------+----------+-------------------------------------------
     0 | D:1      | MalarOregon the Halfling Warper began the quest for the
                  | Orb.
     0 | D:1      | Reached XP level 1. HP: 14/14 MP: 3/3
   164 | D:1      | Reached XP level 2. HP: 10/19 MP: 4/4
   573 | D:1      | Reached XP level 3. HP: 14/24 MP: 5/5
   576 | D:1      | Learned a level 2 spell: Blink
   608 | D:1      | Reached skill level 1 in Stealth
   932 | D:2      | HP: 1/24 [leopard gecko (2)]
   936 | D:2      | Slain by a leopard gecko

Illustrated notes

Levels and vault maps discovered:
D:1:      kilobyte_arrival_exit_the_forest, layout_loops_ring,
          minmay_misc_feat_tower, minmay_close_crescents
D:2:      layout_basic, corner_web_ring, amethyst_killhole

Skill      XL: |  1  2  3 |
---------------+----------+-----
Fighting       | 2 |  2.1
Stealth        | 1 |  1.2
Axes           | |  2.3
Throwing       | |  1.4
Armour         | |  1.7
Dodging        | |  2.1
Spellcasting   | |  1.5
Translocations | |  3.6

Action                   || total
-------------------------++-------
Melee: Hand axe          ||   101
 Stab: Sleeping          ||     1
Armor: Leather armour    ||    24
Dodge: Dodged            ||   101
